 Dungeon Crawl Stone Soup version 0.29-a0-380-gf50f0a9fbc (webtiles) character file.

Game seed: 6905522220214731314

317 Antichthon the Skirmisher (level 6, -4/48 HPs)
             Began as a Formicid Abyssal Knight on May 5, 2022.
             Was a Priest of Lugonu.
             Slain by a black bear (5 damage)
             ... on level 5 of the Dungeon.
             The game lasted 00:08:43 (5833 turns).

Antichthon the Skirmisher (Formicid Abyssal Knight) Turns: 5833, Time: 00:08:44

Health: -4/48      AC:  3    Str: 17    XL:     6   Next: 73%
Magic:  7/7        EV: 10    Int: 10    God:    Lugonu [***...]
Gold:   128        SH:  7    Dex: 13    Spells: 5/5 levels left

rFire   . . .      SeeInvis +   a - +1 falchion
rCold   . . .      Faith    .   i - +0 kite shield
rNeg    . . .      Spirit   .   d - +0 leather armour
rPois   +          Reflect  .   (helmet unavailable)
rElec   .          Harm     .   (no cloak)
rCorr   .          Rampage  .   (no gloves)
Will    .....                   (no boots)
Stlth   ++........              (no amulet)
HPRegen 0.16/turn               f - ring of poison resistance
MPRegen 0.10/turn               (no ring)

@: no status effects
A: permanent stasis, dig shafts and tunnels, antennae 3, four strong arms
a: Dig, Shaft Self, Renounce Religion, Depart the Abyss, Bend Space, Banish


You were on level 5 of the Dungeon.
You worshipped Lugonu.
Lugonu was most pleased with you.
You visited 1 branch of the dungeon, and saw 5 of its levels.
You visited the Abyss 1 time.

You collected 182 gold pieces.
You spent 54 gold pieces at shops.

Inventory:

Hand Weapons
 a - a +1 falchion (weapon)
Armour
 d - a +0 leather armour (worn)
 i - a +0 kite shield (worn)
Jewellery
 f - a ring of poison resistance (left hand)
Scrolls
 b - a scroll of poison
 c - a scroll of fog
 g - a scroll of fear
 l - a scroll of amnesia
 m - a scroll of identify
Potions
 e - 2 potions of lignification
 h - 5 potions of curing
 j - a potion of heal wounds
 k - a potion of invisibility


   Skills:
 * Level 3.8 Fighting
 * Level 3.1 Long Blades
 * Level 3.6 Crossbows
 * Level 3.2 Armour
 * Level 1.4 Dodging
 * Level 1.6 Stealth
 * Level 1.2 Shields
 * Level 2.5 Invocations
 * Level 1.1 Evocations


You had 5 spell levels left.
You didn't know any spells.
Your spell library contained the following spells:

 Spells                   Type           Power      Damage    Failure   Level
 Magic Dart               Conj           0%         1d3       75%         1
 Shock                    Conj/Air       0%         1d3       75%         1
 Call Imp                 Summ           0%         N/A       87%         2
 Mephitic Cloud           Conj/Pois/Air  0%         N/A       98%         3
 Airstrike                Air            0%         N/A       100%        4
 Summon Ice Beast         Ice/Summ       0%         N/A       100%        4
 Summon Mana Viper        Hex/Summ       0%         N/A       100%        5
 Monstrous Menagerie      Summ           0%         N/A       100%        7
 Swiftness                Air            Unusable   N/A       N/A         3

Dungeon Overview and Level Annotations

Branches:
Dungeon (5/15)
 Temple: D:4-7

Altars:
Ashenzari

Shops:
D:2 *


Innate Abilities, Weirdness & Mutations

You cannot be hasted, slowed, berserked, paralysed or teleported.
You can dig through walls and to a lower floor.
You have a pair of large antennae on your head. (SInv)
Your four strong arms can wield two-handed weapons with a shield.


Message History

The black bear is moderately wounded.
The black bear bites you. The black bear closely misses you.
You block the black bear's attack.
You closely miss the black bear.
The black bear is moderately wounded.
You hear the slow rusting of a drain nearby.
The black bear bites you. The black bear claws you. x2
You block the black bear's attack. The black bear claws you.
The black bear claws you but does no damage.
You slash the black bear!
The black bear is severely wounded.
You block the black bear's attack. The black bear misses you.
The black bear claws you.
You hit the black bear.
The black bear is almost dead.
The black bear goes berserk!
You slash the black bear!
The black bear is almost dead.
The black bear barely misses you.
The black bear claws you but does no damage.
The black bear barely misses you. The black bear bites you.
You block the black bear's attack. The black bear claws you.
* * * LOW HITPOINT WARNING * * *
You barely miss the black bear.
The black bear is almost dead.
The black bear completely misses you. The black bear barely misses you.
The black bear closely misses you. The black bear bites you.
* * * LOW HITPOINT WARNING * * *
The black bear claws you.
* * * LOW HITPOINT WARNING * * *
You block the black bear's attack.
You closely miss the black bear.
The black bear is almost dead.
The black bear completely misses you. You block the black bear's attack.
The black bear claws you.
* * * LOW HITPOINT WARNING * * *
The black bear bites you.
* * * LOW HITPOINT WARNING * * *
The black bear claws you.
You die...

#..#.....#.......
#....#..#.....#.......
#....#..##...#######..
#....#..##...##....#..
#....#.............#..
#....#.............'..
#....#..########+###..
#...h#'##.... ...
#...$@........ ....
+............. .....
#............. ......
#............. #######
+........##+##
#........# {#....##+##
#....


You could see a black bear (berserk).

Vanquished Creatures
  A hound (D:4)
  An iguana (D:3)
  An orc wizard (D:4)
  Robin (D:3)
  8 gnolls
  5 adders
  A white imp (D:3)
  A worm (D:2)
  3 dart slugs
  4 orcs
  3 ball pythons
  4 endoplasms
  6 giant cockroaches
  13 goblins
  7 hobgoblins
  4 jackals (D:3)
  6 quokkas
  5 bats
  A frilled lizard (D:1)
  2 kobolds (D:1)
  9 rats
86 creatures vanquished.

Notes
Turn   | Place    | Note
-------+----------+-------------------------------------------
     0 | Abyss:1  | Antichthon the Formicid Abyssal Knight began the quest for
                  | the Orb.
     0 | Abyss:1  | Reached XP level 1. HP: 18/18 MP: 2/2
    96 | Abyss:1  | Noticed a small abomination
    97 | Abyss:1  | Noticed a flying skull
    97 | D:1      | Escaped the Abyss
   223 | D:1      | Found a faded altar of an unknown god.
   328 | D:1      | Reached ** piety under Lugonu
   444 | D:1      | Reached skill level 1 in Crossbows
   509 | D:1      | Reached XP level 2. HP: 24/24 MP: 3/3
  1015 | D:1      | Reached XP level 3. HP: 29/29 MP: 4/4
  2079 | D:2      | Reached XP level 4. HP: 34/35 MP: 5/5
  2096 | D:2      | Found Cuutsism's Assorted Antiques.
  2104 | D:2      | Bought a scroll of identify for 54 gold pieces
  2644 | D:3      | Found a broken altar of Ashenzari.
  2694 | D:3      | Reached skill level 1 in Dodging
  2817 | D:3      | Reached XP level 5. HP: 35/41 MP: 6/6
  3270 | D:3      | Reached skill level 1 in Stealth
  3790 | D:3      | Noticed Robin
  4123 | D:2      | Reached *** piety under Lugonu
  4124 | D:2      | Reached XP level 6. HP: 39/48 MP: 7/7
  4435 | D:3      | Killed Robin
  4496 | D:3      | Reached skill level 1 in Evocations
  4973 | D:4      | Reached skill level 1 in Shields
  5780 | D:5      | Entered Level 5 of the Dungeon
  5822 | D:5      | Noticed a black bear
  5833 | D:5      | HP: 1/48 [black bear (3)]
  5833 | D:5      | Slain by a black bear

Illustrated notes

Levels and vault maps discovered:
D:1:      dpeg_arrival_lava_temple_mockup, layout_basic,
          chequers_ecumenical_altar_twisty, minivault_19
D:2:      minmay_alternating_diamond, layout_basic, serial_shops,
          nicolae_shop_temple_entry_statues_fountains
D:3:      layout_basic, amcnicky_altar_gilded, uniq_robin
D:4:      layout_rooms
D:5:      layout_gridville, gup_sewer_entry_pipe

Skill      XL: |  1  2  3  4  5  6 |
---------------+-------------------+-----
Crossbows      | 1 2 3 |  3.6
Dodging        | 1 |  1.4
Stealth        | 1 |  1.6
Evocations     | 1 |  1.1
Shields        | 1 |  1.2
Long Blades    | 3 |  3.1
Armour         | 3 |  3.2
Fighting       | |  3.8
Invocations    | |  2.5

Action                   |  1- 3 |  4- 6 || total
-------------------------+-------+-------++-------
Melee: Falchion          |   103 |   235 ||   338
Invok: Depart the Abyss  |     1 |       ||     1
       Bend Space        |       |     1 ||     1
  Use: Scroll            |       |    11 ||    11
Armor: Scale mail        |    48 |   100 ||   148
       Leather armour    |     1 |    11 ||    12
Dodge: Dodged            |    39 |   117 ||   156
Block: Kite shield       |    11 |   120 ||   131

Table legend: (Time is in decaauts)
 A = Elapsed time spent in this place.
 B = Non-inter-level travel time spent in this place.
 C = Inter-level travel time spent in this place.
 D = Time resting spent in this place.
 E = Time spent auto-exploring this place.
 F = Levels seen in this place.
 G = Mean time per level.
                   A        B        C        D        E       F      G
               +--------+--------+--------+--------+--------+-----+--------+
         Total |   5941 |   5789 |    152 |    875 |   3740 |   6 |  990.2 |
       Dungeon |   5842 |   5690 |    152 |    875 |   3646 |   5 | 1168.4 |
         Abyss |     98 |     98 |      0 |      0 |     94 |   1 |   98.0 |
               +--------+--------+--------+--------+--------+-----+--------+

Top non-repeatable levels by time:
     D:2: 2281 daAuts
     D:3: 1369 daAuts
     D:1: 1282 daAuts
     D:4: 853 daAuts
 Abyss:1: 98 daAuts
     D:5: 56 daAuts
